Match 47558239
Unlisted

Match 47558239
End
Construct Section Command Post
Vickers Machine Gun Team
Infantry Section
Infantry Section
Infantry Section
Construct Platoon Command Post
Unlock M3 Stuart Light Tanks
M3 Stuart Light Tank
Selects Indian Artillery Battlegroup
Selects Towed ML 4.2-inch Heavy Mortar
Towed ML 4.2-inch Heavy Mortar
Selects Valour
M3 Stuart Light Tank
Grenade Package
M3 Stuart Light Tank
M3 Stuart Light Tank
Royal Engineer Section
Selects Off-map Airburst Barrage
Off-map Airburst Barrage
Forward Retreat Point
Off-map Airburst Barrage
Construct Company Command Post
Selects Perimeter Monitor
Selects Gurkha Rifles Section
Off-map Airburst Barrage
Unlock M3 Grant Medium Tanks
Off-map Airburst Barrage
M3 Grant Medium Tank
Selects Pillage
Selects BL5.5 Artillery Emplacement
Unlock Bishop Self-propelled Artillery
Bishop Self-propelled Artillery
Bishop Self-propelled Artillery
Bishop Self-propelled Artillery
Off-map Airburst Barrage
Off-map Airburst Barrage
Dog
Knight
chpatton
Dimon
Sublime
Wasa
元首再相信我一次
Sky
0
0

Comments sign in to comment!

No comments posted yet!